 Dungeon Crawl Stone Soup version 0.28.0 (webtiles) character file.

Game seed: 4239836208041560859

3774 boopmooplesden the Carver (level 9, -10/81 HPs)
             Began as a Minotaur Fighter on Feb 5, 2022.
             Was a Priest of Okawaru.
             Mangled by a boulder beetle (56 damage)
             ... on level 7 of the Dungeon.
             The game lasted 00:10:43 (7137 turns).

boopmooplesden the Carver (Minotaur Fighter)        Turns: 7137, Time: 00:10:45

Health: -10/81     AC:  9    Str: 23    XL:     9   Next: 95%
Magic:  6/8        EV: 11    Int:  5    God:    Okawaru [***...]
Gold:   302        SH:  7    Dex: 12    Spells: 8/8 levels left

rFire   . . .      SeeInvis .   a - +1 long sword
rCold   . . .      Faith    .   c - +2 buckler
rNeg    . . .      Spirit   .   b - +0 scale mail
rPois   .          Reflect  .   (helmet restricted)
rElec   .          Harm     .   A - +0 cloak
rCorr   .          Rampage  .   (no gloves)
Will    .....                   (no boots)
Stlth   ..........              r - amulet of regeneration
HPRegen 1.03/turn               (no ring)
MPRegen 0.11/turn               (no ring)

@: no status effects
A: horns 2, retaliatory headbutt
a: Renounce Religion, Heroism


You were on level 7 of the Dungeon.
You worshipped Okawaru.
Okawaru was most pleased with you.
You visited 2 branches of the dungeon, and saw 8 of its levels.
You also visited: Sewer.

You collected 302 gold pieces.

Inventory:

Hand Weapons
 a - a +1 long sword (weapon)
 y - a +2 whip of freezing
Missiles
 u - 9 poisoned darts
 w - 4 javelins
 z - 3 atropa-tipped darts (quivered)
Armour
 b - a +0 scale mail (worn)
 c - a +2 buckler (worn)
 s - the +3 scale mail "Gadokenn" {rF++ rCorr Dex-5 Stlth+}
   (You found it in a sewer)

   Dex:       It affects your dexterity (-5).
   rF:        It greatly protects you from fire.
   rCorr:     It protects you from acid and corrosion.
   Stlth:     It makes you more stealthy.
 A - a +0 cloak (worn)
Jewellery
 r - an amulet of regeneration (around neck)
 x - a +6 ring of strength
Wands
 g - a wand of iceblast (13)
 h - a wand of paralysis (5)
 m - a wand of polymorph (2)
Scrolls
 i - 2 scrolls of teleportation
 t - 2 scrolls of blinking
 v - a scroll of fog
Potions
 d - 4 potions of might
 e - a potion of cancellation {unknown}
 f - a potion of magic
 k - a potion of degeneration {unknown}
 l - a potion of lignification {unknown}
 n - 4 potions of curing
 o - a potion of invisibility {unknown}
 p - a potion of haste {unknown}


   Skills:
 + Level 7.9 Fighting
 + Level 10.7 Long Blades
 + Level 0.3 Throwing
 + Level 8.6 Armour
 + Level 4.1 Dodging
 + Level 0.6 Stealth
 + Level 7.4 Shields
 + Level 1.1 Unarmed Combat
 + Level 1.2 Invocations
 + Level 0.6 Evocations


You had 8 spell levels left.
You didn't know any spells.
Your spell library contained the following spells:

 Spells                   Type           Power      Damage    Failure   Level
 Freeze                   Ice            0%         1d3       83%         1
 Ensorcelled Hibernation  Hex/Ice        0%         N/A       92%         2
 Passwall                 Tmut/Erth      0%         N/A       92%         2
 Frozen Ramparts          Ice            0%         1d2       99%         3
 Swiftness                Air            0%         N/A       99%         3
 Hailstorm                Conj/Ice       0%         3d3       100%        4
 Ice Form                 Ice/Tmut       0%         N/A       100%        4
 Summon Small Mammal      Summ           Unusable   N/A       N/A         1
 Call Canine Familiar     Summ           Unusable   N/A       N/A         3
 Summon Guardian Golem    Hex/Summ       Unusable   N/A       N/A         3
 Summon Ice Beast         Ice/Summ       Unusable   N/A       N/A         4

Dungeon Overview and Level Annotations

Branches:
Dungeon (7/15)             Temple (1/1) D:4           Sewer (visited)

Altars:
Ashenzari
Elyvilon
Fedhas
Gozag
Hepliaklqana
Makhleb
Nemelex Xobeh
Okawaru
Qazlal
Sif Muna
Trog
Uskayaw
Vehumet
Wu Jian
Yredelemnul
Zin
The Shining One

Shops:
D:1 *   D:2 *


Innate Abilities, Weirdness & Mutations

You have a pair of horns on your head.
You reflexively headbutt those who attack you in melee.


Message History

The boulder beetle bites you! The iguana bites you.
You gain the combat prowess of a mighty hero.
You block the boulder beetle's attack. The iguana bites you.
You hit the boulder beetle. You headbutt the boulder beetle.
The boulder beetle is moderately wounded.
The boulder beetle bites you! You block the iguana's attack.
You hit the boulder beetle but do no damage.
The boulder beetle is moderately wounded.
You hit the boulder beetle.
You headbutt the boulder beetle, but do no damage.
The boulder beetle is moderately wounded.
The boulder beetle closely misses you. You furiously retaliate!
You headbutt the boulder beetle.
The iguana bites you but does no damage.
You hit the boulder beetle but do no damage.
The boulder beetle is moderately wounded.
The iguana bites you! The boulder beetle bites you!
You hit the boulder beetle but do no damage.
You headbutt the boulder beetle, but do no damage.
The boulder beetle is moderately wounded.
You block the boulder beetle's attack. You block the iguana's attack.
You hit the boulder beetle.
The boulder beetle is moderately wounded.
You hit the boulder beetle.
The boulder beetle is heavily wounded.
The boulder beetle leaps!
You block the iguana's attack. You block the iguana's attack.
You slash the iguana! Your headbutt misses the iguana.
The iguana is almost dead.
The boulder beetle curls into a ball and begins rolling!
You block the iguana's attack.
You barely miss the iguana.
The iguana is almost dead.
You slash the iguana!
You kill the iguana!
Okawaru accepts your kill.
You feel like a meek peon again. The boulder beetle hits you!!!
Ouch! That really hurt!
You die...

#. ######. .......
.........
.......#### ##
........ ..#
#######.##.#####.#
......$.@......#.##
......(..B°°°°....#
..............)...#
....$.......)<....#
.............).)..#
...............#.##
...............#.#
)..............#.#
...............#[#


You could see a boulder beetle (rolling).

Vanquished Creatures
  Pikel (D:6)
  Grinder (D:5)
  A yak (D:5)
  Duvessa (D:6)
  A water moccasin (D:5)
  2 orc warriors (D:7)
  2 ice beasts (D:6)
  A sky beast (D:6)
  A black bear (D:6)
  A necrophage (D:6)
  A centaur (D:6)
  4 ogres (D:5)
  2 lemures (D:6)
  Blork the orc (D:5)
  A bullfrog (Sewer)
  A wyvern zombie (D:5)
  5 scorpions
  A water moccasin skeleton (D:4)
  Dowan (D:6)
  A killer bee (D:5)
  3 orc priests
  3 bullfrog skeletons
  2 centaur skeletons (D:6)
  A centaur zombie (D:6)
  5 hounds
  Crazy Yiuf (D:6)
  5 iguanas
  5 orc wizards
  A hound skeleton (D:4)
  15 adders
  7 gnolls
  A white imp (D:5)
  An ufetubus (D:5)
  An adder skeleton (D:3)
  2 worms
  26 orcs
  14 endoplasms
  11 giant cockroaches
  12 hobgoblins
  3 jackals (D:2)
  4 kobolds
  11 quokkas
  18 ball pythons
  6 bats
  8 frilled lizards
  5 goblins
  3 rats
204 creatures vanquished.

Notes
Turn   | Place    | Note
-------+----------+-------------------------------------------
     0 | D:1      | boopmooplesden the Minotaur Fighter began the quest for the
                  | Orb.
     0 | D:1      | Reached XP level 1. HP: 19/19 MP: 0/0
   307 | D:1      | Reached XP level 2. HP: 27/27 MP: 1/1
   405 | D:1      | Found Gorugg's General Store.
   685 | D:2      | Found Ulenicej's General Store.
   726 | D:2      | Found a faded altar of an unknown god.
  1025 | D:2      | Reached skill level 3 in Long Blades
  1025 | D:2      | Reached XP level 3. HP: 17/33 MP: 2/2
  1671 | D:3      | Reached XP level 4. HP: 40/40 MP: 3/3
  1941 | D:3      | Reached skill level 1 in Dodging
  2157 | D:3      | Reached skill level 4 in Long Blades
  2157 | D:3      | Reached XP level 5. HP: 38/46 MP: 4/4
  2690 | D:4      | Reached skill level 5 in Armour
  2736 | D:4      | Reached skill level 5 in Long Blades
  2736 | D:4      | Reached XP level 6. HP: 53/53 MP: 5/5
  2804 | D:4      | Found a glowing golden altar of the Shining One.
  2826 | D:4      | Found a staircase to the Ecumenical Temple.
  2836 | Temple   | Entered the Ecumenical Temple
  2873 | Temple   | Became a worshipper of Warmaster Okawaru
  3141 | D:4      | Reached skill level 5 in Shields
  3439 | D:4      | Reached skill level 6 in Long Blades
  3504 | D:5      | Entered Level 5 of the Dungeon
  3516 | D:5      | Reached XP level 7. HP: 52/60 MP: 6/6
  3648 | D:5      | Noticed Grinder
  3660 | D:5      | Killed Grinder
  3660 | D:5      | Reached * piety under Okawaru
  3661 | D:5      | Reached skill level 5 in Fighting
  3925 | D:5      | Reached skill level 7 in Long Blades
  4096 | D:5      | Noticed a yak
  4115 | D:5      | Reached XP level 8. HP: 54/69 MP: 4/7
  4450 | D:5      | Reached ** piety under Okawaru
  4451 | D:5      | Reached skill level 8 in Long Blades
  5376 | D:5      | Noticed Blork the orc
  5390 | D:5      | Killed Blork the orc
  5518 | D:6      | Found a glowing drain.
  5539 | Sewer    | Entered a sewer
  5631 | Sewer    | Reached XP level 9. HP: 79/79 MP: 8/8
  5764 | Sewer    | Identified the +3 scale mail "Gadokenn" {rF++ rCorr Dex-5
                  | Stlth+}
  5959 | D:6      | Reached skill level 9 in Long Blades
  5981 | D:6      | Noticed Duvessa
  5982 | D:6      | Noticed Dowan
  5993 | D:6      | Killed Duvessa
  6000 | D:6      | Killed Dowan
  6047 | D:6      | Noticed Pikel
  6205 | D:7      | Noticed a boulder beetle
  6236 | D:7      | Reached skill level 1 in Unarmed Combat
  6381 | D:6      | Reached skill level 10 in Long Blades
  6381 | D:6      | Reached skill level 1 in Invocations
  6484 | D:6      | Reached *** piety under Okawaru
  6755 | D:6      | Killed Pikel
  6793 | D:6      | Found a runed translucent door.
  6794 | D:6      | Noticed Crazy Yiuf
  6806 | D:6      | Killed Crazy Yiuf
  7137 | D:7      | Mangled by a boulder beetle

Illustrated notes

Levels and vault maps discovered:
D:1:      saegor_arrival_simple_e, layout_basic, serial_shops, shop,
          due_unseen_surprise
D:2:      layout_basic, serial_shops, nicolae_shop_waterfront,
          shapermc_ecumenical_altar_starsandcircs, minmay_misc_feat_iff
D:3:      wad_crossroads, layout_basic
D:4:      layout_loops_cross, overflow_temple_1_default,
          minmay_temple_entry_hall, hangedman_abyss_or_decor_passed
D:5:      layout_loops_ring, minmay_divided_ellipse, uniq_blork_the_orc,
          uniq_grinder
D:6:      layout_loops_corners, portal_sewer_entry_f, uniq_pikel,
          uniq_crazy_yiuf_cottage, uniq_duvessa
D:7:      layout_basic
Temple:   grunt_wide_crystal_templ

Skill      XL: |  1  2  3  4  5  6  7  8  9 |
---------------+----------------------------+-----
Armour         | 4 5 6 7 8 |  8.6
Shields        | 4 5 6 7 |  7.4
Fighting       | 4 5 7 |  7.9
Long Blades    | 3 4 5 6 7 8 10 | 10.7
Dodging        | 1 2 3 4 |  4.1
Unarmed Combat | 1 |  1.1
Invocations    | 1 |  1.2
Throwing       | |  0.3
Stealth        | |  0.6
Evocations     | |  0.6

Action                   |  1- 3 |  4- 6 |  7- 9 || total
-------------------------+-------+-------+-------++-------
Melee: Long sword        |    63 |   115 |   377 ||   555
       Headbutt          |     7 |    21 |    58 ||    86
       Unarmed           |       |       |    12 ||    12
Throw: Dart              |       |       |     4 ||     4
Invok: Heroism           |       |       |    15 ||    15
Evoke: Wand              |       |       |     2 ||     2
  Use: Scroll            |     6 |       |     5 ||    11
Armor: Scale mail        |    27 |    37 |   122 ||   186
       Skin              |       |       |     9 ||     9
Dodge: Dodged            |    32 |    55 |   169 ||   256
Block: Buckler           |    16 |    59 |   144 ||   219
